 Dungeon Crawl Stone Soup version 0.21.1 (webtiles) character file.

242 shakethe the Cudgeler (level 5, 0/61 HPs)
             Began as a Demonspawn Abyssal Knight on Feb 3, 2018.
             Was a Believer of Lugonu.
             Slain by a worker ant (3 damage)
             ... on level 4 of the Dungeon.
             The game lasted 00:15:40 (4717 turns).

shakethe the Cudgeler (Demonspawn Abyssal Knight)   Turns: 4717, Time: 00:15:41

Health: 0/61       AC:  6    Str: 18    XL:     5   Next: 82%
Magic:  8/8        EV: 10    Int: 14    God:    Lugonu [**....]
Gold:   141        SH:  6    Dex: 12    Spells: 4/4 levels left

rFire    . . .     SeeInvis .   a - +2 mace
rCold    . . .     Gourm    .   (no shield)
rNeg     . . .     Faith    .   h - +1 ring mail
rPois    .         Spirit   .   (no helmet)
rElec    .         Reflect  .   (no cloak)
rCorr    .         Harm     .   (no gloves)
MR       .....                  (no boots)
Stlth    ..........             (no amulet)
HPRegen  0.20/turn              (no ring)
MPRegen  0.11/turn              (no ring)

@: berserking, lethally poisoned (0 -> -1), very quick
A: large bone plates 2, rot immunity
a: Depart the Abyss, Bend Space, Renounce Religion


You were on level 4 of the Dungeon.
You worshipped Lugonu.
Lugonu was pleased with you.
You were hungry.

You visited 1 branch of the dungeon, and saw 4 of its levels.
You visited the Abyss 1 time.

You collected 141 gold pieces.

Inventory:

Hand Weapons
 a - a +2 mace (weapon)
 d - a +0 dagger
 f - a +0 short sword
 j - a +0 dagger
 k - a +0 dagger
 o - a +0 mace
 r - a +0 club
 u - a cursed -2 dagger
 x - a +0 short sword of venom
Missiles
 l - 26 poisoned needles
 m - 44 arrows
 p - 7 curare-tipped needles
Armour
 b - a +0 leather armour
 h - a +1 ring mail (worn)
 s - a +0 scale mail
Jewellery
 e - an uncursed ring of positive energy {unknown}
 t - a cursed -2 ring of intelligence {unknown}
Wands
 g - a wand of paralysis (2)
Scrolls
 n - 3 scrolls of remove curse
 v - a scroll of fog
Potions
 q - a potion of might {unknown}
Comestibles
 c - 6 rations


   Skills:
 - Level 3.0 Fighting
 + Level 4.9 Maces & Flails
 - Level 1.7 Armour
 - Level 0.8 Dodging
 - Level 0.3 Stealth
 * Level 4.3 Invocations


You had 4 spell levels left.
You didn't know any spells.

Dungeon Overview and Level Annotations

Branches:
Dungeon (4/15)
 Temple: D:4-7

Altars:
Hepliaklqana


Innate Abilities, Weirdness & Mutations

You are mostly covered in large bone plates. (SH +6)
You are immune to rotting.


Message History

The worker ant is heavily wounded.
The worker ant barely misses you.
You hit the worker ant.
The worker ant is almost dead.
You feel sick.
The worker ant bites you but does no damage.
The worm closely misses you. The worker ant bites you!
* * * LOW HITPOINT WARNING * * *
You hit the worker ant but do no damage.
The worker ant is almost dead.
The worker ant misses you. The worm bites you!
* * * LOW HITPOINT WARNING * * *
Drop what? 23/52 slots (_ for help) (? for menu, Esc to quit)
Okay, then.
Quiver which item? (- for none, * to show all) (? for menu, Esc to quit)
Okay, then.
It was a potion of berserk rage.
A red film seems to cover your vision as you go berserk!
You feel yourself moving faster!
You feel mighty! The worker ant bites you.
You die...

############
.....#....^##
............######
..................
.......@..........
.....?.wa.<.......
..$...............
..................
..................
$.............####
.....#......#.#
#...#####.#...# ..
....


You could see a worm and a worker ant.

Vanquished Creatures
  Ijyb (D:3)
  A worker ant (D:4)
  Natasha (thrice) (D:3)
  4 adders
  3 worms (D:2)
  2 dart slugs
  4 leopard geckos
  6 orcs (D:3)
  3 giant cockroaches (D:2)
  14 goblins
  8 hobgoblins
  2 jackals (D:3)
  A quokka (D:2)
  4 bats
  2 frilled lizards (D:1)
  4 kobolds
  5 rats
67 creatures vanquished.

Notes
Turn   | Place    | Note
-------+----------+-------------------------------------------
     0 | Abyss:1  | shakethe the Demonspawn Abyssal Knight began the quest for the Orb.
     0 | Abyss:1  | Reached XP level 1. HP: 18/18 MP: 2/2
     0 | D:1      | Escaped the Abyss
   724 | D:1      | Gained mutation: You are partially covered in large bone plates. (SH +4) [demonic ancestry]
   724 | D:1      | Reached XP level 2. HP: 23/24 MP: 4/4
   989 | D:1      | Reached * piety under Lugonu
  1466 | D:2      | Found a hazy altar of Hepliaklqana.
  1710 | D:2      | Gained mutation: You are immune to rotting. [demonic ancestry]
  1710 | D:2      | Reached XP level 3. HP: 21/29 MP: 5/5
  2137 | D:2      | Found a faded altar of an unknown god.
  2844 | D:3      | Reached XP level 4. HP: 26/35 MP: 6/6
  3119 | D:3      | Reached ** piety under Lugonu
  3124 | D:3      | Noticed Ijyb
  3138 | D:3      | Paralysed by Ijyb for 2 turns
  3158 | D:3      | Paralysed by Ijyb for 4 turns
  3169 | D:3      | Paralysed by Ijyb for 5 turns
  3174 | D:3      | Killed Ijyb
  4012 | D:3      | Gained mutation: You are mostly covered in large bone plates. (SH +6) [demonic ancestry]
  4012 | D:3      | Reached XP level 5. HP: 26/41 MP: 6/8
  4113 | D:3      | Noticed Natasha
  4133 | D:3      | Killed Natasha
  4552 | D:3      | Noticed Natasha
  4580 | D:3      | Killed Natasha
  4620 | D:3      | Noticed Natasha
  4634 | D:3      | Killed Natasha
  4716 | D:4      | HP: 2/41 [worm (9)]
  4717 | D:4      | Slain by a worker ant

Skill      XL: |  1  2  3  4 |
---------------+-------------+-----
Maces & Flails | 2 3 4 |  4.9
Invocations    | 3 4 |  4.3
Fighting       | |  3.0
Armour         | |  1.7
Dodging        | |  0.8
Stealth        | |  0.3

Action                   |  1- 3 |  4- 6 || total
-------------------------+-------+-------++-------
Melee: Mace              |   125 |   132 ||   257
Invok: Depart the Abyss  |     1 |       ||     1
  Use: Scroll            |     5 |     2 ||     7
       Potion            |       |     4 ||     4
  Eat: Chunk             |     6 |     2 ||     8
       Ration            |       |     1 ||     1
Armor: Leather armour    |     9 |       ||     9
       Ring mail         |    58 |    48 ||   106
Dodge: Dodged            |    85 |    81 ||   166
Block: Other             |    26 |    33 ||    59
